 Dungeon Crawl Stone Soup version 0.27-a0-1281-ge233d83751 (webtiles) character file.

Game seed: 12357514154510494

8626 Glokmah the Zephyrmancer (level 11, -1/64 HPs)
             Began as a Tengu Air Elementalist on June 14, 2021.
             Was an Initiate of Gozag.
             Slain by a black mamba (14 damage)
             ... on level 1 of the Lair of Beasts.
             The game lasted 00:27:11 (14214 turns).

Glokmah the Zephyrmancer (Tengu Air Elementalist)  Turns: 14214, Time: 00:27:11

Health: -1/64      AC: 10    Str: 12    XL:     11   Next: 33%
Magic:  27/30      EV: 16    Int: 29    God:    Gozag
Gold:   1091       SH:  0    Dex: 14    Spells: 2/22 levels left

rFire    . . .     SeeInvis .   a - +3 dagger (elec)
rCold    . . .     Faith    .   (no shield)
rNeg     . . .     Spirit   .   J - +0 leather armour "Limaf" {rElec Will+ Int+7}
rPois    .         Reflect  .   B - +1 hat
rElec    +         Harm     .   y - +2 cloak
rCorr    .         Rampage  .   p - +2 pair of gloves
Will     +....                  (boots unavailable)
Stlth    ++........             (no amulet)
HPRegen  0.20/turn              C - ring of magical power
MPRegen  0.22/turn              O - +6 ring of intelligence

@: lethally poisoned (-1 -> -26), flying quickly and evasively, quick
A: beak, talons 3, nimble flight
a: Renounce Religion, Potion Petition, Call Merchant, Bribe Branch


You were on level 1 of the Lair of Beasts.
You worshipped Gozag.
Gozag was most pleased with you.
You visited 2 branches of the dungeon, and saw 10 of its levels.
You also visited: Ossuary.

You collected 1287 gold pieces.
You spent 159 gold pieces at shops.
You paid 37 gold pieces to Gozag.

Inventory:

Hand Weapons
 a - a +3 dagger of electrocution (weapon)
 b - a +3 dagger of venom
Missiles
 m - 2 boomerangs
 n - 25 poisoned darts
 s - 2 throwing nets
Armour
 p - a +2 pair of gloves (worn)
 t - a +0 kite shield
 y - a +2 cloak (worn)
 B - a +1 hat (worn)
 J - the +0 leather armour "Limaf" (worn) {rElec Will+ Int+7}
   (You found it on level 8 of the Dungeon)

   It affects your intelligence (+7).
   It insulates you from electricity.
   It increases your willpower.
Magical Staves
 q - a staff of cold
Jewellery
 i - a ring of flight
 o - a ring of protection from cold
 C - a ring of magical power (left hand)
 E - a +4 ring of evasion
 H - a +6 ring of strength
 I - a +4 ring of protection
 K - a ring of see invisible
 O - a +6 ring of intelligence (right hand)
Wands
 g - a wand of charming (10)
 r - a wand of iceblast (22)
 u - a wand of mindburst (8)
 v - a wand of acid (23)
 N - a wand of flame (24)
Scrolls
 j - 2 scrolls of enchant armour
 D - a scroll of silence
 F - 3 scrolls of teleportation {unknown}
 G - 6 scrolls of identify
Potions
 c - 6 potions of degeneration
 d - 5 potions of curing
 e - a potion of experience {unknown}
 f - 6 potions of lignification
 h - a potion of haste {unknown}
 k - a potion of heal wounds {unknown}
 l - a potion of flight {unknown}
 w - 2 potions of attraction {unknown}
 x - a potion of cancellation
 z - a potion of mutation {unknown}
 A - 2 potions of brilliance {unknown}
 L - a potion of might {unknown}
 M - 5 potions of magic


   Skills:
 + Level 6.3 Fighting
 - Level 1.3 Short Blades
 - Level 6.0 Dodging
 - Level 2.3 Stealth
 + Level 6.2 Spellcasting
 * Level 11.8 Conjurations
 * Level 3.6 Ice Magic
 * Level 12.3 Air Magic


You had 2 spell levels left.
You knew the following spells:

 Your Spells              Type           Power      Damage    Failure   Level
a - Shock                 Conj/Air       100%       1d9       1%          1
b - Static Discharge      Conj/Air       68%        N/A       1%          2
c - Swiftness             Air            69%        N/A       1%          3
d - Airstrike             Air            34%        N/A       1%          4
e - Lightning Bolt        Conj/Air       34%        1d51      1%          5
f - Freezing Cloud        Conj/Ice/Air   29%        6-21      4%          5

Your spell library contained the following spells:

 Spells                   Type           Power      Damage    Failure   Level
 Confusing Touch          Hex            9%         N/A       22%         3
 Gell's Gravitas          Tloc           4%         N/A       22%         3
 Ice Form                 Ice/Tmut       19%        N/A       32%         4
 Summon Ice Beast         Ice/Summ       19%        N/A       32%         4
 Petrify                  Tmut/Erth      9%         N/A       56%         4
 Metabolic Englaciation   Hex/Ice        9%         N/A       67%         5
 Yara's Violent Unravell  Hex/Tmut       4%         3d4       89%         5
 Simulacrum               Ice/Necr       9%         N/A       99%         6
 Ozocubu's Refrigeration  Ice            15%        4d8       100%        7


Dungeon Overview and Level Annotations

Branches:
Dungeon (9/15)             Temple (0/1) D:7            Lair (1/6) D:9
Ossuary (visited)
    Orc: D:9-12

Altars:
Cheibriados
Dithmenos
Elyvilon
Gozag
Kikubaaqudgha
Makhleb
Okawaru
Qazlal
Trog
Wu Jian
Xom
Yredelemnul
The Shining One

Shops:
D:5 [


Innate Abilities, Weirdness & Mutations

You have a beak for a mouth.
You have claws for feet.
Your magical nature lets you fly swiftly and evasively.


Message History

Confirm with . or Enter, or press ? or * to list all spells.
Aiming: Shock (safe; 1% risk of failure)
Press: ? - help, Shift-Dir - straight line, f/p - black mamba
Aim: a black mamba (lightly wounded, 57% to hit)
The zap hits the black mamba!
The black mamba is moderately wounded.
Casting: Shock (safe; 1% risk of failure)
Confirm with . or Enter, or press ? or * to list all spells.
Aiming: Shock (safe; 1% risk of failure)
Press: ? - help, Shift-Dir - straight line, f/p - black mamba
Aim: a black mamba (moderately wounded, 57% to hit)
The zap misses the black mamba.
The black mamba barely misses you.
Unknown command.
You hit the black mamba.
The black mamba is moderately wounded.
The black mamba bites you!
The black mamba bites you but does no damage.
The black mamba completely misses you.
Casting: Shock (safe; 1% risk of failure)
Confirm with . or Enter, or press ? or * to list all spells.
Aiming: Shock (safe; 1% risk of failure)
Press: ? - help, Shift-Dir - straight line, p - black mamba The zap hits the black mamba.
The black mamba is heavily wounded.
The black mamba bites you!
You are poisoned.
The black mamba poisons you! The black mamba bites you!
You closely miss the black mamba. Your kick misses the black mamba.
Your peck misses the black mamba.
The black mamba is heavily wounded.
You feel very sick. The black mamba bites you!
* * * LOW HITPOINT WARNING * * *
You are lethally poisoned!
The black mamba poisons you!
* * * LOW HITPOINT WARNING * * *
You feel very sick. The black mamba bites you!
You die...
Your body crumbles into a pile of gold.

.. #.. .. #.. #.
### #.## # ..# #.#
##.#### #.S...## $
#.@...^############
#..................
#......P##########.
#.....### #.
........# ##
###.....## #
##.#### # #.# # # #


You could see a black mamba.

Vanquished Creatures
  Harold (D:9)
  Erica (D:8)
  2 two-headed ogres
  Joseph (D:9)
  Maggie (D:8)
  2 cane toads (Lair:1)
  Prince Ribbit (D:7)
  A wraith (D:8)
  A yak (D:9)
  3 steam dragons
  Eustachio (D:6)
  Grum (D:8)
  An acid dragon (D:8)
  7 water moccasins
  3 black bears
  2 orc warriors (D:9)
  An ice beast (D:6)
  4 wolves (D:8)
  An ogre (D:7)
  2 centaurs (D:9)
  A phantom (D:6)
  A wyvern zombie (D:6)
  A gnoll sergeant (D:7)
  3 scorpions
  4 water moccasin zombies (Ossuary)
  2 bullfrogs
  A wyvern skeleton (D:6)
  A water moccasin skeleton (D:7)
  3 killer bees (D:9)
  2 centaur zombies
  4 hounds
  2 orc priests
  Crazy Yiuf (D:7)
  A gnoll shaman (D:8)
  3 iguanas
  4 orc wizards
  A howler monkey zombie (D:9)
  2 mummies (Ossuary)
  A howler monkey skeleton (D:5)
  12 gnolls
  2 adders
  A shadow imp (D:6)
  A white imp (D:7)
  2 ufetubi (D:3)
  8 adder zombies (Ossuary)
  5 worms
  A dart slug (D:2)
  22 orcs
  10 ball pythons
  5 bats
  7 endoplasms
  4 giant cockroaches
  5 gnoll zombies (Ossuary)
  11 goblins
  4 hobgoblins
  3 jackals (D:1)
  6 kobolds
  4 quokkas
  4 frilled lizards
  3 hobgoblin zombies (Ossuary)
  3 kobold zombies (Ossuary)
  6 orc zombies (Ossuary)
  7 rats
  A butterfly (D:6)
212 creatures vanquished.

Vanquished Creatures (others)
  18 fungi
  16 plants
34 creatures vanquished.

Grand Total: 246 creatures vanquished

Notes
Turn   | Place    | Note
-------+----------+-------------------------------------------
     0 | D:1      | Glokmah the Tengu Air Elementalist began the quest for the
                  | Orb.
     0 | D:1      | Reached XP level 1. HP: 10/10 MP: 4/4
   291 | D:1      | Reached XP level 2. HP: 14/15 MP: 1/6
   399 | D:1      | Learned a level 2 spell: Static Discharge
   622 | D:1      | Found a faded altar of an unknown god.
  1067 | D:1      | Reached XP level 3. HP: 20/20 MP: 4/7
  1991 | D:2      | Learned a level 3 spell: Swiftness
  2719 | D:2      | Reached XP level 4. HP: 14/24 MP: 5/8
  3376 | D:3      | Reached skill level 1 in Fighting
  3376 | D:3      | Reached skill level 5 in Air Magic
  4093 | D:3      | Gained mutation: Your magical nature lets you fly swiftly
                  | and evasively. [Tengu growth]
  4093 | D:3      | Reached XP level 5. HP: 24/29 MP: 7/9
  4684 | D:4      | Found an opulent altar of Gozag.
  4687 | D:4      | Found a stormy altar of Qazlal.
  4690 | D:4      | Found a basalt altar of Yredelemnul.
  4735 | D:4      | Found an ornate altar of the Wu Jian Council.
  4743 | D:4      | Became a worshipper of Gozag Ym Sagoz the Greedy
  4786 | D:4      | Noticed a black bear
  4796 | D:4      | Killed a black bear
  4797 | D:4      | Reached XP level 6. HP: 34/35 MP: 5/11
  5024 | D:4      | Found a burning altar of Makhleb.
  5027 | D:4      | Found a glowing golden altar of the Shining One.
  5029 | D:4      | Found a white marble altar of Elyvilon.
  5154 | D:4      | Found an ancient bone altar of Kikubaaqudgha.
  5255 | D:4      | Reached skill level 6 in Air Magic
  5391 | D:5      | Entered Level 5 of the Dungeon
  5425 | D:4      | Learned a level 4 spell: Airstrike
  5484 | D:5      | Noticed a water moccasin
  5642 | D:4      | Killed a water moccasin
  5643 | D:4      | Reached skill level 5 in Conjurations
  5643 | D:4      | Reached XP level 7. HP: 8/40 MP: 12/12
  6482 | D:5      | Reached skill level 7 in Air Magic
  6612 | D:5      | Found Moalim's Antique Armour Shop.
  6622 | D:5      | Bought a bloodstained robe for 159 gold pieces
  6622 | D:5      | Identified the +2 robe of Skepticism {rPois} (You bought it
                  | in a shop on level 5 of the Dungeon)
  6786 | D:5      | Reached XP level 8. HP: 31/45 MP: 4/14
  6887 | D:5      | Reached skill level 1 in Short Blades
  7338 | D:6      | Found a sand-covered staircase.
  7341 | D:6      | Noticed Eustachio
  7355 | D:6      | Killed Eustachio
  7362 | Ossuary  | Entered an ossuary
  7500 | Ossuary  | Reached skill level 8 in Air Magic
  8392 | D:6      | Found a shimmering altar of Xom.
  8599 | D:6      | Reached skill level 5 in Dodging
  8669 | D:6      | Found a snail-covered altar of Cheibriados.
  8670 | D:6      | Found an iron altar of Okawaru.
  8671 | D:6      | Found a bloodstained altar of Trog.
  8755 | D:6      | Found a shadowy altar of Dithmenos.
  8762 | D:6      | Reached XP level 9. HP: 47/52 MP: 16/16
  8932 | D:6      | Learned a level 5 spell: Lightning Bolt
  9010 | D:6      | Reached skill level 9 in Air Magic
  9451 | D:7      | Found a staircase to the Ecumenical Temple.
  9545 | D:7      | Found a runed translucent door.
  9546 | D:7      | Noticed Crazy Yiuf
  9693 | D:7      | Killed Crazy Yiuf
 10148 | D:7      | Noticed a two-headed ogre
 10162 | D:7      | Killed a two-headed ogre
 10275 | D:7      | Noticed Prince Ribbit
 10279 | D:7      | Killed Prince Ribbit
 10280 | D:7      | Reached skill level 10 in Air Magic
 10464 | D:7      | Reached skill level 5 in Spellcasting
 10840 | D:8      | Reached XP level 10. HP: 58/58 MP: 9/18
 11055 | D:8      | Reached skill level 5 in Fighting
 11206 | D:8      | Noticed Maggie
 11223 | D:8      | Killed Maggie
 11432 | D:8      | Reached skill level 10 in Conjurations
 11828 | D:8      | Noticed Erica
 11835 | D:8      | Killed Erica
 11836 | D:8      | Reached skill level 11 in Air Magic
 12031 | D:8      | Learned a level 5 spell: Freezing Cloud
 12158 | D:8      | Noticed Grum
 12178 | D:8      | Killed Grum
 12179 | D:8      | Reached skill level 1 in Ice Magic
 12300 | D:8      | Identified the +0 leather armour "Limaf" {rElec Will+
                  | Int+7}
 12339 | D:9      | Noticed Joseph
 12346 | D:9      | Killed Joseph
 12645 | D:9      | Noticed a two-headed ogre
 12648 | D:9      | Killed a two-headed ogre
 12649 | D:9      | Reached XP level 11. HP: 64/64 MP: 13/20
 13028 | D:9      | Reached skill level 12 in Air Magic
 13302 | D:9      | Noticed Harold
 13307 | D:9      | Killed Harold
 13631 | D:9      | Found a staircase to the Lair.
 13951 | Lair:1   | Entered Level 1 of the Lair of Beasts
 14214 | Lair:1   | Slain by a black mamba

Illustrated notes

Levels and vault maps discovered:
D:1:      ebering_hopf_link, layout_basic, chequers_ecumenical_altar_grove
D:2:      layout_basic
D:3:      minmay_chambers_of_twos, layout_basic, minmay_misc_feat_ornament
D:4:      layout_rooms, grunt_temple_overflow_cloverleaf,
          grunt_temple_overflow_diamond, kiku_gazebo_garden_becter
D:5:      layout_gridville, serial_shops, shop_fountains, serial_bayou_pond_b
D:6:      kennysheep_steamy, layout_basic,
          nicolae_dithmenos_through_a_glass_darkly,
          gammafunk_temple_overflow_forgotten, xom_butterflies, enter_ossuary_1,
          corexii_hall_statues_l, amcnicky_mini_corridor_feature, uniq_eustachio
D:7:      layout_basic, minmay_temple_entry_large_hall, minmay_misc_feat_roman,
          uniq_prince_ribbit1, uniq_crazy_yiuf_cottage
D:8:      layout_gridville, minmay_checkerbox, uniq_grum, uniq_maggie,
          uniq_erica
D:9:      layout_loops_ring, grunt_lair_entry_orc_guard_hut, hex_large,
          uniq_joseph, uniq_harold
Lair:1:   layout_roguey

Skill      XL: |  1  2  3  4  5  6  7  8  9 10 11 |
---------------+----------------------------------+-----
Conjurations   | 2 3 4 5 6 7 9 11 | 11.8
Fighting       | 1 2 3 4 5 6 |  6.3
Air Magic      | 5 6 7 8 10 11 12 | 12.3
Dodging        | 3 4 5 6 |  6.0
Spellcasting   | 3 4 5 6 |  6.2
Short Blades   | 1 |  1.3
Ice Magic      | 2 3 |  3.6
Stealth        | |  2.3

Action                   |  1- 3 |  4- 6 |  7- 9 | 10-12 || total
-------------------------+-------+-------+-------+-------++-------
Melee: Long sword        |    29 |       |       |       ||    29
       Kick              |     8 |     7 |    23 |     8 ||    46
       Peck              |     5 |     3 |    17 |     7 ||    32
       Dagger            |     5 |    52 |   108 |    38 ||   203
 Cast: Shock             |    74 |    79 |    96 |    32 ||   281
       Static Discharge  |     6 |     8 |    16 |     4 ||    34
       Airstrike         |       |       |    28 |    30 ||    58
       Swiftness         |       |       |     1 |       ||     1
       Lightning Bolt    |       |       |     5 |    32 ||    37
       Freezing Cloud    |       |       |       |     2 ||     2
  Use: Scroll            |       |     5 |    11 |       ||    16
       Potion            |       |     1 |       |     1 ||     2
 Stab: Sleeping          |     1 |       |     4 |       ||     5
Armor: Robe              |     9 |     7 |    29 |     5 ||    50
       Leather armour    |       |     5 |     2 |    13 ||    20
Dodge: Dodged            |    29 |    65 |   101 |    81 ||   276
       Rpst.: Long sword |     5 |       |       |       ||     5

Table legend: (Time is in decaauts)
 A = Elapsed time spent in this place.
 B = Non-inter-level travel time spent in this place.
 C = Inter-level travel time spent in this place.
 D = Time resting spent in this place.
 E = Time spent auto-exploring this place.
 F = Levels seen in this place.
 G = Mean time per level.
                   A        B        C        D        E       F      G
               +--------+--------+--------+--------+--------+-----+--------+
         Total |  13763 |  12986 |    777 |   2847 |   8004 |  11 | 1251.2 |
       Dungeon |  12830 |  12053 |    777 |   2478 |   7624 |   9 | 1425.6 |
          Lair |    248 |    248 |      0 |      0 |    225 |   1 |  248.0 |
       Ossuary |    684 |    684 |      0 |    369 |    154 |   1 |  684.0 |
               +--------+--------+--------+--------+--------+-----+--------+

Top non-repeatable levels by time:
     D:2: 1930 daAuts
     D:8: 1640 daAuts
     D:9: 1394 daAuts
     D:1: 1382 daAuts
     D:4: 1349 daAuts
     D:5: 1309 daAuts
     D:7: 1306 daAuts
     D:6: 1276 daAuts
     D:3: 1241 daAuts
 Ossuary: 684 daAuts
  Lair:1: 248 daAuts
